 Dungeon Crawl Stone Soup version 0.13-a0-2531-g2ad9301 (webtiles) character file.

991 Kae the Ruinous (level 7, -3/36 HPs)
             Began as a Tengu Fire Elementalist on July 26, 2013.
             Slain by a sky beast (5 damage)
             ... on Level 5 of the Dungeon.
             The game lasted 00:10:21 (5140 turns).

Kae the Ruinous (Tengu Fire Elementalist)           Turns: 5140, Time: 00:10:21

HP  -3/36        AC  2     Str  8      XL: 7   Next: 85%
MP   8/17        EV 12     Int 17      God:
Gold 213         SH 10     Dex 15      Spells:  3 memorised,  7 levels left

Res.Fire  : + . .   See Invis. : .   g - +0,+3 short sword (speed)
Res.Cold  : x . .   Warding    : .   a - +0 robe
Life Prot.: . . .   Conserve   : .   v - +0 buckler
Res.Poison: .       Res.Corr.  : .   (helmet restricted)
Res.Elec. : .       Clarity    : .   (no cloak)
Sust.Abil.: . .     Spirit.Shd : .   (no gloves)
Res.Mut.  : .       Stasis     : .   (boots unavailable)
Res.Rott. : .       Flight     : .   (no amulet)
Saprovore : . . .                    (no ring)
                                     w - cursed ring of fire

@: slightly resistant to hostile enchantments, fairly stealthy
A: able to fly, beak, talons 3
a: Fly


You were on level 5 of the Dungeon.
You were hungry.

You visited 1 branch of the dungeon, and saw 5 of its levels.

You collected 193 gold pieces.

Inventory:

Hand weapons
 g - a +0,+3 short sword of speed (weapon)
Armour
 a - a +0 robe (worn)
 v - a +0 buckler (worn)
Magical devices
 o - a wand of hasting (8) {unknown}
Comestibles
 c - 3 bread rations
 i - an orange
Scrolls
 l - 2 scrolls of identify
 x - 7 scrolls of remove curse
Jewellery
 w - a cursed ring of fire (left hand)
Potions
 d - a potion of restore abilities {unknown}
 e - a potion of might {unknown}
 h - a potion of paralysis
 j - 3 potions of flight
 k - a potion of berserk rage {unknown}
 n - 2 potions of curing
 p - 2 potions of heal wounds {unknown}
 q - a potion of speed {unknown}
 r - a potion of mutation {unknown}
 z - a potion of invisibility {unknown}
Books
 b - a book of Flames

   Spells                             Type                      Level
   *Flame Tongue                      Conjuration/Fire             1
   *Throw Flame                       Conjuration/Fire             2
   *Conjure Flame                     Conjuration/Fire             3
   Inner Flame                        Hexes/Fire                   3
   Sticky Flame                       Conjuration/Fire             4
   Fireball                           Conjuration/Fire             5
 f - a book of Spatial Translocations

   Spells                             Type                      Level
   Apportation                        Translocation                1
   Portal Projectile                  Translocation                2
   Blink                              Translocation                2
   Shroud of Golubria                 Charms/Translocation         2
   Teleport Other                     Translocation                3
   Passage of Golubria                Translocation                4
 m - a book of Flames

   Spells                             Type                      Level
   *Flame Tongue                      Conjuration/Fire             1
   *Throw Flame                       Conjuration/Fire             2
   *Conjure Flame                     Conjuration/Fire             3
   Inner Flame                        Hexes/Fire                   3
   Sticky Flame                       Conjuration/Fire             4
   Fireball                           Conjuration/Fire             5
 u - a book of Beasts

   Spells                             Type                      Level
   Summon Butterflies                 Summoning                    1
   Sticks to Snakes                   Transmutation                2
   Call Canine Familiar               Summoning                    3
   Ice Form                           Ice/Transmutation            4
   Summon Ice Beast                   Ice/Summoning                4
   Summon Hydra                       Summoning                    7


   Skills:
 - Level 2.1 Dodging
 - Level 2.0 Stealth
 + Level 3.0 Shields
 + Level 3.5 Spellcasting
 * Level 7.2 Conjurations
 + Level 5.3 Fire Magic


You had 7 spell levels left.
You knew the following spells:

 Your Spells              Type           Power        Failure   Level  Hunger
a - Flame Tongue          Conj/Fire      #####        1%          1    None
b - Throw Flame           Conj/Fire      #####.       1%          2    ##.....
c - Conjure Flame         Conj/Fire      #####...     4%          3    ###....


Dungeon Overview and Level Annotations

Branches:
Dungeon (5/27)
 Temple: D:4-7

Altars:


Innate Abilities, Weirdness & Mutations

You can fly.
You have a beak for a mouth.
You have claws for feet.


Message History

Aiming: Flame Tongue
Press: ? - help, Shift-Dir - straight line, f/p - sky beast
Aim: a sky beast (severely wounded)
You feel a surge of power!
The flame hits the sky beast.
The sky beast appears unharmed.
The sky beast is severely wounded.
The sky beast flickers out of sight!
Deactivating autopickup; reactivate with Ctrl-A.
It hits you.
* * * LOW HITPOINT WARNING * * *
It shocks you!
* * * LOW HITPOINT WARNING * * *
Casting: Flame Tongue
Confirm with . or Enter, or press ? or * to list all spells.
Aiming: Flame Tongue
Press: ? - help, Shift-Dir - straight line You feel a surge of power!
The flame hits something.
It hits you.
* * * LOW HITPOINT WARNING * * *
It shocks you.
You die...

#### ###### #..# #.....
#.(# #..... #..# #.....
#..# #..... #.
#..########.....
####..####.(.............
........@................
............########.....
#..######.># #..... #
#..# #..... #..# #..###
#..# #..# ...########..#
.............###
##...............


There were no monsters in sight!

Vanquished Creatures
  Grinder (D:3)
  Menkaure (D:4)
  An ice beast (D:5)
  An orc priest (D:5)
  2 orc wizards
  2 worker ants
  Ijyb (D:4)
  A jelly (D:5)
  3 gnolls (D:3)
  2 adders
  A giant mite (D:5)
  3 worms
  3 giant geckos
  12 orcs
  12 bats
  4 giant cockroaches
  5 goblins
  16 hobgoblins
  13 kobolds
  2 oozes (D:1)
  3 ball pythons (D:1)
  5 giant newts
  A goblin zombie (D:5)
  7 jackals
  A quokka (D:3)
  10 rats
  A rat zombie (D:5)
114 creatures vanquished.

Notes
Turn   | Place    | Note
--------------------------------------------------------------
     0 | D:1      | Kae, the Tengu Fire Elementalist, began the quest for the Orb.
     0 | D:1      | Reached XP level 1. HP: 10/10 MP: 3/3
   299 | D:1      | Reached XP level 2. HP: 15/15 MP: 5/5
   707 | D:1      | Reached XP level 3. HP: 17/19 MP: 4/6
  1720 | D:2      | Reached XP level 4. HP: 21/24 MP: 4/8
  1813 | D:2      | Reached skill level 4 in Fire Magic
  2642 | D:3      | Reached XP level 5. HP: 28/28 MP: 8/11
  3057 | D:4      | Reached skill level 1 in Shields
  3305 | D:4      | Noticed Ijyb
  3410 | D:4      | Killed Ijyb
  3410 | D:4      | Reached skill level 5 in Conjurations
  3782 | D:4      | Reached XP level 6. HP: 25/32 MP: 10/13
  3808 | D:4      | Noticed Menkaure
  3816 | D:4      | Noticed Grinder
  3818 | D:4      | Paralysed by Grinder for 4 turns
  3829 | D:4      | Paralysed by Grinder for 3 turns
  3843 | D:3      | Paralysed by a potion of paralysis for 4 turns
  4091 | D:4      | Learned a level 2 spell: Throw Flame
  4095 | D:4      | Learned a level 3 spell: Conjure Flame
  4097 | D:3      | Paralysed by Grinder for 7 turns
  4112 | D:3      | Killed Grinder
  4112 | D:3      | Reached skill level 6 in Conjurations
  4112 | D:3      | Reached XP level 7. HP: 10/36 MP: 5/15
  4446 | D:4      | Killed Menkaure
  4446 | D:4      | Reached skill level 5 in Fire Magic
  4575 | D:5      | Entered Level 5 of the Dungeon
  4790 | D:5      | Reached skill level 7 in Conjurations
  5140 | D:5      | Slain by a sky beast

Action                   |  1- 3 |  4- 6 |  7- 9 || total
-------------------------+-------+-------+-------++-------
Melee: Unarmed           |    12 |       |       ||    12
       Short sword       |    20 |    20 |     7 ||    47
 Cast: Flame Tongue      |    68 |   116 |    39 ||   223
       Throw Flame       |       |     1 |    14 ||    15
  Use: Scroll            |       |     8 |     5 ||    13
       Potion            |       |     4 |       ||     4
 Stab: Sleeping          |     1 |     1 |       ||     2
